 Dungeon Crawl Stone Soup version 0.26.0-10-g1f06aea511 (webtiles) character file.

Game seed: 8592573210514513837

140 Borgoz the Slasher (level 5, 0/45 HPs)
             Began as a Ghoul Gladiator on Jan 15, 2021.
             Slain by Natasha (2 damage)
             ... on level 2 of the Dungeon.
             The game lasted 00:02:16 (1683 turns).

Borgoz the Slasher (Ghoul Gladiator)                Turns: 1683, Time: 00:02:17

Health: 0/45       AC:  5    Str: 18    XL:     5   Next: 23%
Magic:  4/4        EV: 12    Int:  3    God:
Gold:   69         SH:  3    Dex: 11    Spells: 4/4 levels left

rFire    . . .     SeeInvis .   a - +0 long sword
rCold    + . .     Faith    .   k - +0 buckler
rNeg     + + +     Spirit   .   b - +0 leather armour
rPois    ∞         Reflect  .   c - +0 helmet
rElec    .         Harm     .   (no cloak)
rCorr    .         Rampage  .   (no gloves)
Will     .....                  g - +0 pair of boots
Stlth    +.........             (no amulet)
HPRegen  0.00/turn              (no ring)
MPRegen  0.09/turn              (no ring)

@: no status effects
A: claws 1, cold resistance 1, negative energy resistance 3, inhibited
regeneration, torment resistance, unbreathing
a: no special abilities


You were on level 2 of the Dungeon.
You visited 1 branch of the dungeon, and saw 2 of its levels.

You collected 69 gold pieces.

Inventory:

Hand Weapons
 a - a +0 long sword (weapon)
Missiles
 d - 3 throwing nets (quivered)
Armour
 b - a +0 leather armour (worn)
 c - a +0 helmet (worn)
 g - a +0 pair of boots (worn)
 k - a +0 buckler (worn)
Scrolls
 e - a scroll of remove curse
 h - a scroll of teleportation
 l - 2 scrolls of identify
 m - a scroll of fear {unknown}
 n - a scroll of magic mapping {unknown}
Potions
 f - a potion of brilliance
 i - a potion of might {unknown}
 j - a potion of heal wounds {unknown}
 o - a potion of haste {unknown}
 p - a potion of degeneration {unknown}


   Skills:
 + Level 3.3 Fighting
 + Level 3.4 Long Blades
 - Level 1.7 Throwing
 + Level 1.7 Armour
 + Level 3.3 Dodging
 + Level 1.3 Shields


You had 4 spell levels left.
You didn't know any spells.
Your spell library was empty.

Dungeon Overview and Level Annotations

Branches:
Dungeon (2/15)

Altars:
Kikubaaqudgha

Annotations:
D:2 Natasha


Innate Abilities, Weirdness & Mutations

You thrive by killing the living.
You are immune to poison.
You have sharp fingernails.
Your flesh is cold resistant. (rC+)
You are immune to negative energy. (rN+++)
You do not regenerate when monsters are visible.
You are immune to unholy pain and torment.
You can survive without breathing.


Message History

You block the iron imp's attack. Natasha closely misses you.
The giant cockroach barely misses you.
You riposte.
You slash the giant cockroach!
You kill the giant cockroach!
You feel better.
The shadow imp hits you but does no damage.
You closely miss Natasha.
Natasha is severely wounded.
The iron imp hits you!
* * * LOW HITPOINT WARNING * * *
Natasha closely misses you. The shadow imp hits you.
* * * LOW HITPOINT WARNING * * *
Okay, then.
You closely miss Natasha.
Natasha is severely wounded.
Natasha claws you.
* * * LOW HITPOINT WARNING * * *
The iron imp barely misses you. The shadow imp barely misses you.
Natasha claws you.
You die...

#.###.#'#####.......#.......
#.#.#####.#########.....
#.###.......#.....#...#.####
#>......................#..
####.##.###.#####.#...#...##
#+##+###.......##..#...#.
.............###..#...#.
.............# #..#.#.#.
......†@.....###..#.#...
......5h5....#....†..†..
.............#.#....##.#
.............#.#.#......
.............#.#...####.
.............#.##### #)
##############...# ##
#.........####.### #
#....†....# #...#####


You could see an iron imp (summoned), Natasha and a shadow imp (summoned).

Vanquished Creatures
  2 orc priests
  3 adders (D:2)
  A worm (D:2)
  A leopard gecko (D:1)
  3 orcs
  A ball python (D:2)
  7 bats
  2 giant cockroaches
  4 goblins
  4 hobgoblins
  3 jackals (D:2)
  3 quokkas
  5 frilled lizards
  6 kobolds
  8 rats
53 creatures vanquished.

Notes
Turn   | Place    | Note
-------+----------+-------------------------------------------
     0 | D:1      | Borgoz the Ghoul Gladiator began the quest for the Orb.
     0 | D:1      | Reached XP level 1. HP: 17/17 MP: 0/0
   222 | D:1      | Reached XP level 2. HP: 25/25 MP: 1/1
   735 | D:2      | Reached skill level 1 in Armour
   735 | D:2      | Reached XP level 3. HP: 30/30 MP: 2/2
  1076 | D:2      | Reached XP level 4. HP: 21/37 MP: 3/3
  1156 | D:2      | Found an ancient bone altar of Kikubaaqudgha.
  1382 | D:1      | Reached skill level 1 in Shields
  1639 | D:2      | Reached XP level 5. HP: 45/45 MP: 4/4
  1664 | D:2      | Noticed Natasha
  1683 | D:2      | HP: 2/45 [Natasha (1)]
  1683 | D:2      | Slain by Natasha

Illustrated notes

Levels and vault maps discovered:
D:1:      lightli_arrival_noodles, layout_basic
D:2:      layout_basic, old_standard_altar, uniq_natasha

Skill      XL: |  1  2  3  4 |
---------------+-------------+-----
Long Blades    | 3 |  3.4
Armour         | 1 |  1.7
Dodging        | 3 |  3.3
Fighting       | 3 |  3.3
Shields        | 1 |  1.3
Throwing       | |  1.7

Action                   |  1- 3 |  4- 6 || total
-------------------------+-------+-------++-------
Melee: Long sword        |   124 |    53 ||   177
  Use: Scroll            |     4 |       ||     4
Armor: Leather armour    |    62 |    20 ||    82
Dodge: Dodged            |   102 |    56 ||   158
Block: Buckler           |    10 |    10 ||    20
       Rpst.: Long sword |    29 |    20 ||    49
